AoeStats
← 76561198420275131

Coastal

503064103Analyzed
1v1v1v1v1v1v1 RM · 1mo ago on Aug 30, 2026· 4m 38s· 7 players
Game mode
Random Map
Map size
Small (3 player)
Population
200
Speed
Fast
Resources
Standard
Victory
Standard
Starting age
Dark Age
Ending age
Dark Age
RankedLock teamsTeams togetherTeam positionsShared explorationLock speedFull tech treeHidden civsTurbo modeCheats

Team 6

Defeat
🇺🇸 Chinese · United States
1323

Team 7

Defeat
🇦🇺 Portuguese · Australia
1351

Team 8

Defeat
🇺🇸 Celts · United States
1390

Team 9

Defeat
🇺🇸 Aztecs · United States
1245

Team 10

Defeat
🇨🇳 Chinese · China
1216

Team 11

Defeat
🇲🇽 Inca · Mexico
1044

Team 12

Defeat
🇩🇪 Chinese · Germany
1375
ShowMeUrNoobs
2:18 Coinage
1:53 Marauders
3:10 Marauders
4:29 Coinage
4:23 Marauders
5:05 Marauders
Pikachu
SreeGouranga
0:32 Elite Karambit Warrior
4:35 Stone Mining
Dr. Slippery Fist M.D.
1:44 #716
2:01 #1345
2:57 #716
4:12 #716
4:38 #716
76561198420275131
4:02 Anarchy
Slot 8
muldroc
ARES
3:57 #716
5:03 Conscription
4:11 Elite War Elephant
Connection lost

Rejoining the realm…

Still unreachable

The connection could not be restored.

Session expired

The server has moved on; the page needs a fresh start.